 Dungeon Crawl Stone Soup version 0.31-a0-75-g6fe912e8c5 (webtiles) character file.

Game seed: 11318999287883992757

9055 greasedhog the Grappler (level 11, -6/89 (109) HPs)
             Began as a Troll Fighter on May 24, 2023.
             Was a Believer of Wu Jian.
             Mangled by an orc knight
             ... wielding a +2 great mace of draining
              (22 damage)
             ... on level 1 of the Orcish Mines.
             The game lasted 00:12:23 (8493 turns).

greasedhog the Grappler (Troll Fighter)             Turns: 8493, Time: 00:12:23

HP:   -6/89 (109)   AC: 12    Str: 26    XL:     11   Next: 18%
MP:   10/10         EV: 10    Int:  8    God:    Wu Jian [**....]
Gold: 649           SH:  9    Dex:  9    Spells: 10/10 levels left

rFire   . .          .
                       - Unarmed
rCold   . . .        b - +0 kite shield
rNeg    . . .        I - +0 steam dragon scales
rPois   .            (helmet restricted)
rElec   .            k - +0 cloak
rCorr   .            (gloves unavailable)
SInv    .            (boots unavailable)
Will    .....        c - amulet of regeneration
Stlth   +            h - +4 ring of protection
HPRegen 1.94/turn    (no ring)
MPRegen 0.12/turn

%: no passive effects
@: heavily drained
A: large, unfitting armour, claws 3, regeneration 1, shaggy fur 1, tough skin 1
a: Renounce Religion, Wall Jump


You were on level 1 of the Orcish Mines.
You worshipped Wu Jian.
Wu Jian was pleased with you.
You visited 3 branches of the dungeon, and saw 12 of its levels.

You collected 689 gold pieces.
You spent 40 gold pieces at shops.

Inventory:

Missiles
 l - 15 poisoned darts (quivered)
 p - a curare-tipped dart
 q - 4 throwing nets
Armour
 b - a +0 kite shield (worn)
 k - a +0 cloak (worn)
 I - +0 steam dragon scales (worn)
Jewellery
 c - an amulet of regeneration (around neck)
 h - a +4 ring of protection (left claw)
Wands
 n - a wand of mindburst (35)
 v - a wand of paralysis (5)
 D - a wand of acid (5)
 F - a wand of iceblast (12)
 H - a wand of polymorph (4)
Scrolls
 e - 6 scrolls of blinking
 j - a scroll of poison
 m - 4 scrolls of fog
 u - 3 scrolls of teleportation
 w - a scroll of brand weapon
 x - 3 scrolls of enchant armour
 y - a scroll of immolation {unknown}
 z - a scroll of magic mapping {unknown}
 B - a scroll of fear {unknown}
 C - 3 scrolls of summoning {unknown}
 E - a scroll of silence {unknown}
Potions
 d - a potion of lignification
 f - 5 potions of curing
 g - a potion of heal wounds
 i - 2 potions of cancellation {unknown}
 o - a potion of magic {unknown}
 r - 2 potions of invisibility
 s - 2 potions of berserk rage {unknown}
 t - 2 potions of brilliance
 A - a potion of attraction {unknown}
 G - 3 potions of mutation {unknown}


   Skills:
 + Level 7.4 Fighting
 + Level 5.4 Dodging
 + Level 8.1 Shields
 * Level 11.9 Unarmed Combat


You had 10 spell levels left.
You didn't know any spells.
Your spell library contained the following spells:

 Spells                   Type           Power      Damage    Failure   Level
 Magic Dart               Conj           0%         1d3       61%         1
 Call Imp                 Summ           0%         N/A       75%         2
 Static Discharge         Conj/Air       0%         2-2/arc   75%         2
 Dazzling Flash           Conj/Hex       0%         N/A       93%         3
 Mephitic Cloud           Conj/Pois/Air  0%         N/A       93%         3
 Airstrike                Air            0%         2d(0-16)  100%        4
 Summon Lightning Spire   Summ/Air       0%         N/A       100%        4
 Agony                    Necr           0%         N/A       100%        5
 Silence                  Hex/Air        0%         N/A       100%        5


Dungeon Overview and Level Annotations

Branches:
Dungeon (10/15)            Temple (1/1) D:6             Orc (1/2) D:10
   Lair: D:8-11

Altars:
Ashenzari
Cheibriados
Dithmenos
Elyvilon
Fedhas
Gozag
Hepliaklqana
Kikubaaqudgha
Makhleb
Nemelex Xobeh
Okawaru
Qazlal
Ru
Sif Muna
Trog
Uskayaw
Vehumet
Wu Jian
Xom
Yredelemnul
Zin
The Shining One

Shops:
D:3 [   D:5 *   D:8 (   D:9 (


Innate Abilities, Weirdness & Mutations

You are too large for most types of armour.
You have claws for hands.
Your natural rate of healing is unusually fast.
You are covered in fur. (AC +1)
You have tough skin. (AC +1)


Message History

You kill the orc!
The Council accepts your kill.
The orc knight hits you with a +2 great mace of draining!!
You feel drained.
Unknown command.
You barely miss the orc knight.
The orc knight is moderately wounded.
You block the orc knight's attack.
You scratch the orc knight but do no damage.
The orc knight is moderately wounded.
The orc knight hits you with a +2 great mace of draining!
You feel drained.
Unknown command.
You scratch the orc knight.
The orc knight is moderately wounded.
You block the orc knight's attack. The orc barely misses you.
You barely miss the orc. The orc knight misses you.
The orc hits you but does no damage.
Unknown command.
You closely miss the orc. The orc knight barely misses you.
You block the orc's attack.
You completely miss the orc. You claw the orc!
You kill the orc!
The Council accepts your kill.
The orc knight hits you with a +2 great mace of draining.
You feel drained.
You claw the orc knight!
The orc knight is moderately wounded.
You block the orc knight's attack.
You scratch the orc knight but do no damage.
The orc knight is moderately wounded.
The orc knight hits you with a +2 great mace of draining!!
* * * LOW HITPOINT WARNING * * *
You feel drained.
* * * LOW HITPOINT WARNING * * *
You mangle the orc knight!!
The orc knight is severely wounded.
The orc knight hits you with a +2 great mace of draining!!
You die...

##...#..........#..#
##..........o........
#............oo>.#...
##................#..
#...................
##....##.............
#####.#.)<#........oo)...
##.##....)##..#รท#.o.......
#........@o.......o#....##
###.......)#.......###.....
##................#.###...#.
#....................###.#..
##..........._.......######.
###.#............#.#...# #
##................#.##.##
#..............###...###
##.#....#.......###.##


You could see an orc knight.

Vanquished Creatures
  Erolcha (D:10)
  A two-headed ogre (Orc:1)
  Pikel (D:8)
  Maggie (D:10)
  A gargoyle (D:10)
  A kobold demonologist (D:10)
  The ghost of patfeehan111222 the Chopper, an amateur DsBe of Trog (D:5)
  A wraith (D:9)
  2 wyverns
  10 yaks
  2 steam dragons
  A warg (Orc:1)
  2 water moccasins
  An ice beast (D:8)
  A sky beast (D:7)
  6 orc warriors
  A black bear (D:8)
  An ogre (D:6)
  3 centaurs
  A lemure (D:8)
  A phantom (D:6)
  A kobold brigand (D:9)
  3 bullfrogs
  2 scorpions
  A gnoll sergeant (D:8)
  11 wights
  5 killer bees (D:6)
  3 howler monkeys (D:8)
  3 electric eels (D:8)
  A gnoll bouda (D:6)
  7 hounds
  10 orc priests
  2 sleepcaps
  A jelly (D:7)
  Crazy Yiuf (D:2)
  4 iguanas
  9 orc wizards
  Robin (D:2)
  12 gnolls
  3 adders
  A shadow imp (D:8)
  A white imp (D:5)
  2 worms
  A dart slug (D:1)
  34 orcs
  6 ball pythons
  5 endoplasms
  3 giant cockroaches
  14 goblins
  7 hobgoblins
  7 kobolds
  3 quokkas
  7 bats
  5 rats
216 creatures vanquished.

Notes
Turn   | Place    | Note
-------+----------+-------------------------------------------
     0 | D:1      | greasedhog the Troll Fighter began the quest for the Orb.
     0 | D:1      | Reached XP level 1. HP: 22/22 MP: 0/0
    90 | D:1      | Reached XP level 2. HP: 27/29 MP: 1/1
   560 | D:2      | Noticed Robin
   565 | D:2      | Reached XP level 3. HP: 32/36 MP: 2/2
   601 | D:2      | Reached skill level 3 in Unarmed Combat
   608 | D:2      | Killed Robin
  1083 | D:2      | Found a runed translucent door.
  1084 | D:2      | Noticed Crazy Yiuf
  1093 | D:2      | Killed Crazy Yiuf
  1094 | D:2      | Reached XP level 4. HP: 21/45 MP: 3/3
  1292 | D:3      | Found a broken altar of Ashenzari.
  1417 | D:3      | Found Gaon Gew's Antique Armour Shoppe.
  1935 | D:4      | Reached skill level 4 in Unarmed Combat
  1935 | D:4      | Reached XP level 5. HP: 38/53 MP: 4/4
  2425 | D:5      | Entered Level 5 of the Dungeon
  2450 | D:5      | Found a runed translucent gate.
  2452 | D:5      | Found a runed translucent gate.
  2454 | D:5      | Found a runed translucent gate.
  2454 | D:5      | Found an opulent altar of Gozag.
  2455 | D:5      | Noticed patfeehan111222's ghost (amateur DsBe)
  2456 | D:5      | Noticed a wyvern
  2468 | D:5      | Noticed a centaur
  2493 | D:4      | Killed a centaur
  2494 | D:4      | Reached XP level 6. HP: 38/61 MP: 5/5
  2500 | D:4      | Reached skill level 5 in Unarmed Combat
  2569 | D:5      | Noticed a water moccasin
  2575 | D:5      | Killed a water moccasin
  2576 | D:5      | Reached XP level 7. HP: 57/68 MP: 6/6
  2601 | D:5      | Found an opulent altar of Gozag.
  2794 | D:5      | Found Gixukhic's General Store.
  2803 | D:5      | Bought a scroll of fog for 40 gold pieces
  2881 | D:6      | Reached skill level 6 in Unarmed Combat
  3207 | D:6      | Found a staircase to the Ecumenical Temple.
  3311 | D:6      | Noticed a wyvern
  3325 | D:6      | Killed a wyvern
  3326 | D:6      | Reached skill level 5 in Shields
  3326 | D:6      | Reached XP level 8. HP: 68/79 MP: 7/7
  3466 | D:6      | Reached skill level 7 in Unarmed Combat
  3476 | D:6      | Found a burning altar of Makhleb.
  3629 | Temple   | Entered the Ecumenical Temple
  4161 | D:6      | Reached skill level 5 in Fighting
  4274 | D:7      | Reached skill level 8 in Unarmed Combat
  4301 | D:7      | Found a shimmering altar of Xom.
  4669 | D:7      | Found a shimmering blue altar of Sif Muna.
  4913 | D:7      | Reached XP level 9. HP: 88/88 MP: 8/8
  4919 | D:7      | Found an ornate altar of the Wu Jian Council.
  4945 | D:7      | Became a worshipper of the Wu Jian Council
  5224 | D:5      | Reached skill level 9 in Unarmed Combat
  5233 | D:5      | Killed patfeehan111222's ghost
  5503 | D:8      | Found Jerajawk's Weapon Emporium.
  5868 | D:8      | Paralysed by an orc for 5 turns
  5878 | D:8      | Reached * piety under Wu Jian
  5880 | D:8      | Noticed Pikel
  5889 | D:8      | Killed Pikel
  5890 | D:8      | Reached skill level 10 in Unarmed Combat
  5890 | D:8      | Reached XP level 10. HP: 95/100 MP: 9/9
  6953 | D:9      | Found Cump's Antique Weapon Boutique.
  7141 | D:10     | Entered Level 10 of the Dungeon
  7184 | D:10     | Reached skill level 11 in Unarmed Combat
  7243 | D:10     | Noticed a gargoyle
  7265 | D:10     | Killed a gargoyle
  7421 | D:10     | Identified the +1 scale mail of Circular Logic {Int+7 Dex+3
                  | Slay-6}
  7431 | D:10     | Noticed Erolcha
  7454 | D:10     | Killed Erolcha
  7455 | D:10     | Reached skill level 5 in Dodging
  7594 | D:10     | Reached ** piety under Wu Jian
  7643 | D:10     | Noticed Maggie
  7650 | D:10     | Killed Maggie
  7651 | D:10     | Reached XP level 11. HP: 109/109 MP: 10/10
  7729 | D:10     | Found a staircase to the Orcish Mines.
  8014 | Orc:1    | Entered Level 1 of the Orcish Mines
  8014 | Orc:1    | Noticed a two-headed ogre
  8022 | Orc:1    | Killed a two-headed ogre
  8450 | Orc:1    | Noticed an orc knight
  8493 | Orc:1    | Mangled by an orc knight

Illustrated notes

Levels and vault maps discovered:
D:1:      dpeg_arrival_arbitrary_b, layout_rooms
D:2:      layout_rooms, minivault_4, chequers_serial_rivers_micro_e,
          uniq_crazy_yiuf_cottage, uniq_robin
D:3:      layout_loops_ring, nicolae_ashenzari_skybound, serial_shops,
          nicolae_shop_crystal
D:4:      layout_basic, nicolae_grassy_gnolls
D:5:      layout_rooms, grunt_gozag_breadcrumbs, serial_shops, shop_statue,
          ebering_ghost_gozag
D:6:      layout_loops_ring, makhleb_heckhound_becter, lemuel_temple_firewalk_a
D:7:      layout_basic, lemuel_blue_sif_altar, kennysheep_mini,
          mainiacjoe_overflow_alcove_4
D:8:      layout_cave_pods, serial_shops, nicolae_shop_behind_doors,
          chequers_big_river, uniq_pikel
D:9:      layout_roguey, serial_shops, shop
D:10:     layout_stronghold, uniq_maggie, uniq_erolcha
Temple:   nicolae_temple_elliptical
Orc:1:    layout_caves, basic_altar

Skill      XL: |  1  2  3  4  5  6  7  8  9 10 11 |
---------------+----------------------------------+-----
Shields        | 3 4 5 6 7 8 |  8.1
Unarmed Combat | 3 4 5 6 8 10 11 | 11.9
Fighting       | 3 4 5 6 7 |  7.4
Dodging        | 3 5 |  5.4

Action                     |  1- 3 |  4- 6 |  7- 9 | 10-12 || total
---------------------------+-------+-------+-------+-------++-------
  Melee: Unarmed           |   122 |    92 |   289 |   225 ||   728
  Throw: Dart              |       |       |       |     1 ||     1
Ability: Lunge             |       |       |     8 |     9 ||    17
         Whirlwind         |       |       |       |     2 ||     2
  Evoke: Wand              |       |       |       |     7 ||     7
    Use: Potion            |     1 |       |       |       ||     1
         Scroll            |       |     2 |     8 |     2 ||    12
 Armour: Robe              |    58 |    31 |   104 |    45 ||   238
         Steam dragon scal |       |       |       |    11 ||    11
  Dodge: Dodged            |    50 |    25 |    95 |    60 ||   230
  Block: Kite shield       |    58 |    44 |   117 |    68 ||   287

Table legend: (Time is in decaauts)
 A = Elapsed time spent in this place.
 B = Non-inter-level travel time spent in this place.
 C = Inter-level travel time spent in this place.
 D = Time resting spent in this place.
 E = Time spent auto-exploring this place.
 F = Levels seen in this place.
 G = Mean time per level.
                   A        B        C        D        E       F      G
               +--------+--------+--------+--------+--------+-----+--------+
         Total |   8495 |   7643 |    852 |    132 |   5883 |  12 |  707.9 |
       Dungeon |   8190 |   7378 |    812 |    132 |   5718 |  10 |  819.0 |
        Temple |    159 |    136 |     23 |      0 |    121 |   1 |  159.0 |
  Orcish Mines |    145 |    129 |     16 |      0 |     44 |   1 |  145.0 |
               +--------+--------+--------+--------+--------+-----+--------+

Top non-repeatable levels by time:
     D:6: 1169 daAuts
     D:8: 1168 daAuts
     D:7: 1072 daAuts
    D:10: 926 daAuts
     D:4: 729 daAuts
     D:9: 723 daAuts
     D:3: 710 daAuts
     D:2: 674 daAuts
     D:5: 516 daAuts
     D:1: 498 daAuts
  Temple: 159 daAuts
   Orc:1: 145 daAuts
